 Dungeon Crawl Stone Soup version 0.29.0-11-gd7f09526c8 (webtiles) character file.

Game seed: 1601092771714181745

79 matogl0396 the Ruffian (level 4, -1/37 HPs)
             Began as a Ghoul Warper on Sept 3, 2022.
             Slain by a shadow imp (2 damage)
             ... summoned by Natasha
             ... on level 1 of the Dungeon.
             The game lasted 00:16:20 (1662 turns).

matogl0396 the Ruffian (Ghoul Warper)               Turns: 1662, Time: 00:16:21

Health: -1/37      AC:  7    Str: 16    XL:     4   Next: 38%
Magic:  5/5        EV: 13    Int: 14    God:
Gold:   75         SH:  0    Dex:  8    Spells: 6/6 levels left

rFire   . . .      SeeInvis .     - Unarmed
rCold   + . .      Faith    .   (no shield)
rNeg    + + +      Spirit   .   e - +0 scale mail
rPois   ∞          Reflect  .   (no helmet)
rElec   .          Harm     .   (no cloak)
rCorr   .          Rampage  .   (no gloves)
Will    .....                   r - +0 pair of boots
Stlth   ..........              (no amulet)
HPRegen 0.00/turn               k - +4 ring of evasion
MPRegen 0.09/turn               m - +6 ring of intelligence

@: mighty, inhibited regen, slowed, very slow
A: claws 1, cold resistance 1, negative energy resistance 3, inhibited
regeneration, torment resistance 2, devour on kill
a: no special abilities


You were on level 1 of the Dungeon.
You visited 1 branch of the dungeon, and saw 2 of its levels.

You collected 75 gold pieces.

Inventory:

Hand Weapons
 l - a +0 short sword of speed
Missiles
 c - 6 boomerangs of dispersal (quivered)
 n - 10 stones
 q - 4 boomerangs
Armour
 a - a +0 leather armour
 e - a +0 scale mail (worn)
 r - a +0 pair of boots (worn)
Magical Staves
 d - a staff of poison
Jewellery
 k - a +4 ring of evasion (left claw)
 m - a +6 ring of intelligence (right claw)
Scrolls
 b - a scroll of blinking
 f - a scroll of torment {unknown}
 g - a scroll of identify
 h - a scroll of amnesia {unknown}
 j - a scroll of poison {unknown}
Potions
 o - a potion of berserk rage
 s - 2 potions of attraction


   Skills:
 + Level 2.9 Fighting
 * Level 0.8 Throwing
 + Level 1.1 Armour
 + Level 2.2 Dodging
 + Level 3.4 Unarmed Combat
 * Level 1.9 Spellcasting
 * Level 3.1 Translocations


You had 6 spell levels left.
You didn't know any spells.
Your spell library contained the following spells:

 Spells                   Type           Power      Damage    Failure   Level
 Apportation              Tloc           20%        N/A       24%         1
 Blink                    Tloc           20%        N/A       36%         2
 Gell's Gravitas          Tloc           10%        N/A       58%         3
 Lesser Beckoning         Tloc           10%        N/A       58%         3
 Teleport Other           Tloc           10%        N/A       58%         3
 Freeze                   Ice            4%         1d3       65%         1
 Magic Dart               Conj           4%         1d3       65%         1
 Manifold Assault         Tloc           10%        N/A       100%        5


Dungeon Overview and Level Annotations

Branches:
Dungeon (2/15)

Altars:

Annotations:
D:1 Natasha


Innate Abilities, Weirdness & Mutations

You are immune to poison.
You have sharp fingernails.
Your flesh is cold resistant. (rC+)
You are immune to negative energy. (rN+++)
You do not regenerate when monsters are visible.
You are immune to unholy pain and torment.
You thrive by killing the living.


Message History

You climb upwards.
There is a stone staircase leading down here.
Natasha mumbles some strange words.
Natasha stares at you and mumbles some strange words.
You feel as though you will be slow longer.
You closely miss Natasha. Natasha claws you. Natasha closely misses you.
Press: ? - help, v - describe, . - travel
Here: Natasha The floor.
You cannot raise a blood rage in your lifeless body.
You completely miss Natasha. Natasha barely misses you.
The shadow imp hits you but does no damage.
You scratch Natasha.
Natasha is moderately wounded.
Natasha claws you.
The shadow imp hits you but does no damage.
You barely miss Natasha.
Natasha is moderately wounded.
Natasha claws you. The shadow imp closely misses you. Natasha misses you.
The shadow imp hits you.
* * * LOW HITPOINT WARNING * * *
It was a potion of curing.
You feel better. Natasha claws you.
The shadow imp hits you but does no damage.
It was a potion of might.
You feel very mighty all of a sudden. Natasha misses you.
The shadow imp closely misses you. Natasha barely misses you.
The shadow imp hits you but does no damage.
You closely miss Natasha.
Natasha is moderately wounded.
Natasha claws you.
* * * LOW HITPOINT WARNING * * *
The shadow imp barely misses you.
Natasha stares at you and mumbles some strange words.
The magic dart hits you!
* * * LOW HITPOINT WARNING * * *
The shadow imp barely misses you.
Natasha casts a spell.
The shadow imp hits you.
You die...

####...### #.#####...≈~≈.≈.≈.
#≈≈≈≈~~#.##### #.# #.#≈~.~~~≈..
####...#.....###.# #.#####..#..
##.####....##.# #.# ##.#..
#####.#####.#.##.# #.# #.#..
.................# #.# #.##.
#####.#####.....## #.######....
......#######...######...........
..........##....@5h.>#########.#.
..........##.#.....5.≈...........
#########.##.#.#.##..≈########.#.
........#.##.#.#.....≈# #.#.
#######.#.##.#.##....≈# #.#. #
#.#.##.#.###~.~≈## #####.#. #
#.#.##.#.# ##..≈.# #...#.#. #
#.#.##.#.# ##.≈.###..##.#.
#######.#.##.#.# #.#..##..##.##


You could see Natasha and 2 shadow imps.

Vanquished Creatures
  Natasha (D:2)
  An adder (D:2)
  3 dart slugs (D:1)
  8 ball pythons (D:1)
  3 endoplasms (D:1)
  2 giant cockroaches
  2 goblins (D:1)
  A hobgoblin (D:2)
  4 jackals (D:1)
  A quokka (D:2)
  4 bats
  3 kobolds
  6 rats
39 creatures vanquished.

Notes
Turn   | Place    | Note
-------+----------+-------------------------------------------
     0 | D:1      | matogl0396 the Ghoul Warper began the quest for the Orb.
     0 | D:1      | Reached XP level 1. HP: 17/17 MP: 2/2
   155 | D:1      | Reached XP level 2. HP: 22/25 MP: 3/3
   402 | D:1      | Reached XP level 3. HP: 28/30 MP: 4/4
  1094 | D:1      | Got So You Want to Learn Witchery
  1580 | D:2      | Noticed Natasha
  1591 | D:2      | Killed Natasha
  1592 | D:2      | Reached skill level 1 in Armour
  1592 | D:2      | Reached XP level 4. HP: 21/37 MP: 5/5
  1641 | D:2      | Noticed Natasha
  1661 | D:1      | HP: 1/37 [Natasha/magic dart (7)]
  1662 | D:1      | Slain by a shadow imp

Illustrated notes

Levels and vault maps discovered:
D:1:      minmay_arrival_statue_studded, layout_basic, serial_rivers,
          chequers_serial_rivers_micro_b, chequers_serial_rivers_marsh,
          chequers_serial_rivers_micro_e, chequers_serial_rivers_large_a
D:2:      layout_rooms, uniq_natasha, uniq_terence

Skill      XL: |  1  2  3 |
---------------+----------+-----
Translocations | 3 |  3.1
Dodging        | 2 |  2.2
Unarmed Combat | 3 |  3.4
Armour         | 1 |  1.1
Fighting       | |  2.9
Throwing       | |  0.8
Spellcasting   | |  1.9

Action                   |  1- 3 |  4- 6 || total
-------------------------+-------+-------++-------
Melee: Unarmed           |   103 |     9 ||   112
       Punch             |     3 |       ||     3
Throw: Boomerang         |     1 |       ||     1
  Use: Potion            |     1 |     2 ||     3
       Scroll            |       |     1 ||     1
Armor: Leather armour    |    22 |       ||    22
       Scale mail        |    16 |     7 ||    23
Dodge: Dodged            |    63 |    15 ||    78
